 Dungeon Crawl Stone Soup version 0.21.1-1-g345015fe64 (webtiles) character file.

24 Hercules1031 the Chiller (level 2, -3/20 HPs)
             Began as a Draconian Ice Elementalist on June 9, 2018.
             Slain by an adder (5 damage)
             ... on level 2 of the Dungeon.
             The game lasted 00:09:04 (1437 turns).

Hercules1031 the Chiller (DrIE)                     Turns: 1437, Time: 00:09:05

Health: -3/20      AC:  4    Str: 15    XL:     2   Next: 79%
Magic:  0/5        EV: 12    Int: 15    God:
Gold:   16         SH:  0    Dex: 11    Spells: 3/6 levels left

rFire    + . .     SeeInvis .   (no weapon)
rCold    . . .     Gourm    .   (no shield)
rNeg     . . .     Faith    .   (armour unavailable)
rPois    .         Spirit   .   (helmet restricted)
rElec    .         Reflect  .   (no cloak)
rCorr    .         Harm     .   (no gloves)
MR       .....                  (no boots)
Stlth    ++........             (no amulet)
HPRegen  0.06/turn              f - ring of protection from fire
MPRegen  0.09/turn              (no ring)

@: mighty, lethally poisoned (-3 -> -10)
A: unfitting armour, cold-blooded, AC +4
a: no special abilities


You were on level 2 of the Dungeon.
You were very full.

You visited 1 branch of the dungeon, and saw 2 of its levels.

You collected 16 gold pieces.

Inventory:

Jewellery
 d - a cursed amulet of inaccuracy
 f - a ring of protection from fire (left hand)
Scrolls
 e - 3 scrolls of identify
Potions
 g - a potion of magic {unknown}
 h - a potion of mutation {unknown}
 i - a potion of curing {unknown}
Books
 a - a book of Frost

   Spells                             Type                      Level
   a - Freeze                         Ice                          1
   b - Throw Frost                    Conjuration/Ice              2
   c - Ozocubu's Armour               Charms/Ice                   3
   d - Throw Icicle                   Conjuration/Ice              4
   e - Summon Ice Beast               Ice/Summoning                4
Comestibles
 b - a ration


   Skills:
 + Level 2.1 Dodging
 - Level 1.7 Stealth
 * Level 2.6 Spellcasting
 * Level 1.1 Conjurations
 + Level 3.2 Ice Magic


You had 3 spell levels left.
You knew the following spells:

 Your Spells              Type           Power        Failure   Level  Hunger
a - Freeze                Ice            ##..         5%          1    #......
b - Throw Frost           Conj/Ice       #.....       13%         2    ###....


Dungeon Overview and Level Annotations

Branches:
Dungeon (2/15)

Altars:


Innate Abilities, Weirdness & Mutations

Your plain brown scales are hard. (AC +4)
You cannot fit into any form of body armour.
You are cold-blooded and may be slowed by cold attacks.


Message History

Aiming: Freeze
Press: ? - help, Shift-Dir - straight line, f/p - adder
Aim: an adder (heavily wounded)
You freeze the adder.
The adder is almost dead.
You feel sick. The adder bites you.
* * * LOW HITPOINT WARNING * * *
The rat closely misses you.
An adder comes into view.
The adder misses you. The adder bites you.
* * * LOW HITPOINT WARNING * * *
* * * LOW HITPOINT WARNING * * *
You feel sick.
Casting: Freeze
Confirm with . or Enter, or press ? or * to list all spells.
You don't have enough magic to cast that spell.
It was a potion of might.
You feel very mighty all of a sudden. The rat closely misses you.
The adder bites you.
You die...

... #.# . #.# ..#### #.#
#.....####.# ........##.#
........##.################
#...S..r@....#.........#
###..##S####.......)...#
#..#..# ###.........#
...$..## #..<)......#
?...... ......##########
...g..... ......
................
....K........... .......


You could see 2 adders, a hobgoblin (wandering), a kobold (wandering) and a rat.

Vanquished Creatures
  A giant cockroach (D:1)
  A goblin (D:1)
  7 hobgoblins (D:1)
  A ball python (D:1)
  2 bats
  A frilled lizard (D:1)
  3 kobolds
  7 rats (D:1)
23 creatures vanquished.

Notes
Turn   | Place    | Note
-------+----------+-------------------------------------------
     0 | D:1      | Hercules1031 the Draconian Ice Elementalist began the quest for the Orb.
     0 | D:1      | Reached XP level 1. HP: 14/14 MP: 3/3
   311 | D:1      | Reached XP level 2. HP: 13/20 MP: 3/5
   799 | D:1      | Learned a level 2 spell: Throw Frost
  1434 | D:2      | HP: 1/20 [poisoned by an adder]
  1437 | D:2      | Slain by an adder

Skill      XL: |  1 |
---------------+----+-----
Dodging        | 2 |  2.1
Stealth        | |  1.7
Spellcasting   | |  2.6
Conjurations   | |  1.1
Ice Magic      | |  3.2

Action                   || total
-------------------------++-------
Melee: Unarmed           ||    47
       Tailslap          ||     4
 Cast: Freeze            ||    24
       Throw Frost       ||    10
  Use: Scroll            ||     3
       Potion            ||     1
 Stab: Sleeping          ||     1
  Eat: Ration            ||     3
Armor: Skin              ||    32
Dodge: Dodged            ||    62
